 Dungeon Crawl Stone Soup version 0.19-a0-4-ga5c5ac4 (webtiles) character file.

53459 vonhedlund the Eclecticist (level 14, -20/110 HPs)
             Began as a Purple Draconian Conjurer on Apr 18, 2016.
             Was a High Priest of Vehumet.
             Demolished by an orc warrior
             ... wielding a +0 short sword
              (29 damage)
             ... on level 1 of the Orcish Mines on Apr 28, 2016.
             The game lasted 08:29:57 (26720 turns).

vonhedlund the Eclecticist (DrCj)                  Turns: 26720, Time: 08:29:58

Health: -20/110    AC: 15    Str: 13    XL:     14   Next: 30%
Magic:  23/33      EV: 16    Int: 18    God:    Vehumet [*****.]
Gold:   1996       SH:  0    Dex: 12    Spells: 10 memorised, 9 levels left

rFire  . . .     SeeInvis +     q - +2 hand axe (venom)
rCold  . . .     Gourm    .     (armour unavailable)
rNeg   . . .     Faith    .     (no shield)
rPois  .         Spirit   .     w - +2 hat {SInv}
rElec  .         Dismiss  .     T - +0 cloak
rCorr  .         Reflect  .     C - +1 pair of gloves
SustAt .         Harm     .     X - +1 pair of boots {Fly}
MR     ++...                    Q - amulet of magic regeneration
Stlth  +++.......               (no ring)
                                (no ring)

@: very resistant to hostile enchantments, fairly stealthy
A: breathe power, unfitting armour, cold-blooded, AC +8
a: Breathe Dispelling Energy, Renounce Religion, Evoke Flight


You were on level 1 of the Orcish Mines.
You worshipped Vehumet.
Vehumet was extremely pleased with you.
You were not hungry.

You visited 5 branches of the dungeon, and saw 23 of its levels.

You collected 1996 gold pieces.

Inventory:

Hand Weapons
 b - a +0 hand crossbow
 q - a +2 hand axe of venom (weapon)
 P - a +2 dagger of venom
Missiles
 g - 2 curare-tipped needles
 o - 107 bolts
Armour
 w - a +2 hat of see invisible (worn)
 C - a +1 pair of gloves (worn)
 T - a +0 cloak (worn)
 W - a +0 robe
 X - a +1 pair of boots of flying (worn)
Magical Staves
 a - an uncursed staff of conjuration
Rods
 U - a +5 rod of inaccuracy (9/9)
   (You found it on level 1 of the Lair of Beasts)
Jewellery
 y - a +2 amulet of reflection
 B - a +2 ring of protection
 D - an uncursed ring of protection from cold
 Q - an amulet of magic regeneration (around neck)
Wands
 j - a wand of iceblast (4/15)
 m - a wand of acid (7/15)
 p - a wand of acid (4/15)
 A - a wand of digging (8/24)
 I - a wand of paralysis (14/24)
 R - a wand of lightning (4/15)
Scrolls
 c - 8 scrolls of enchant weapon
 d - 4 scrolls of remove curse
 h - a scroll of magic mapping {unknown}
 t - 5 scrolls of enchant armour
 x - 2 scrolls of teleportation
 z - 6 scrolls of identify
 K - 2 scrolls of recharging
 O - a scroll of fog {unknown}
 Y - a scroll of random uselessness {unknown}
Potions
 i - a potion of degeneration {unknown}
 l - a potion of invisibility
 r - a potion of cancellation {unknown}
 u - 3 potions of resistance
 v - a potion of magic
 E - a potion of beneficial mutation {unknown}
 F - a potion of heal wounds {unknown}
 G - 2 potions of brilliance {unknown}
 H - 4 potions of haste
 L - 3 potions of lignification
 M - a potion of ambrosia {unknown}
 N - 3 potions of curing
Books
 e - a book of Conjurations

   Spells                             Type                      Level
   a - Magic Dart                     Conjuration                  1
   b - Searing Ray                    Conjuration                  2
   c - Dazzling Spray                 Conjuration/Hexes            3
   d - Fulminant Prism                Conjuration/Hexes            4
   e - Iskenderun's Mystic Blast      Conjuration                  4
   f - Iskenderun's Battlesphere      Conjuration/Charms           5
 s - the Papyrus of the Rocks and Good Luck
   (You found it on level 9 of the Dungeon)

   Spells                             Type                      Level
   a - Infusion                       Charms                       1
   b - Sandblast                      Earth                        1
   c - Song of Slaying                Charms                       2
   d - Shroud of Golubria             Charms/Translocation         2
   e - Repel Missiles                 Charms/Air                   2
   f - Stone Arrow                    Conjuration/Earth            3
 S - a book of Misfortune

   Spells                             Type                      Level
   a - Confusing Touch                Hexes                        2
   b - Confuse                        Hexes                        3
   c - Gell's Gravitas                Hexes/Translocation          3
   d - Petrify                        Transmutation/Earth          4
   e - Metabolic Englaciation         Hexes/Ice                    5
   f - Yara's Violent Unravelling     Hexes/Transmutation          5
 V - a book of Air

   Spells                             Type                      Level
   a - Shock                          Conjuration/Air              1
   b - Swiftness                      Charms/Air                   2
   c - Repel Missiles                 Charms/Air                   2
   d - Static Discharge               Conjuration/Air              3
   e - Lightning Bolt                 Conjuration/Air              5
 Z - a book of Cantrips

   Spells                             Type                      Level
   a - Corona                         Hexes                        1
   b - Animate Skeleton               Necromancy                   1
   c - Summon Small Mammal            Summoning                    1
   d - Apportation                    Translocation                1
Comestibles
 f - 9 meat rations
 n - 10 bread rations
 J - 10 fruits


   Skills:
 - Level 6.0 Fighting
 - Level 8.1 Dodging
 - Level 8.0 Stealth
 - Level 15.3 Spellcasting
 - Level 13.4 Conjurations
 - Level 5.2 Charms
 - Level 6.0 Fire Magic
 - Level 5.4 Air Magic
 - Level 2.1 Earth Magic
 + Level 2.4 Poison Magic


You had 9 spell levels left.
You knew the following spells:

 Your Spells              Type           Power        Failure   Level  Hunger
a - Magic Dart            Conj           ####         1%          1    None
b - Searing Ray           Conj           ######       1%          2    None
c - Repel Missiles        Chrm/Air       ####..       1%          2    None
d - Sting                 Conj/Pois      ####         1%          1    None
e - Iskenderun's Battles  Conj/Chrm      #####...     1%          5    ####...
f - Sticky Flame          Conj/Fire      #####...     1%          4    None
g - Fireball              Conj/Fire      #####.....   1%          5    ####...
h - Stone Arrow           Conj/Erth      #####.       1%          3    None
i - Lightning Bolt        Conj/Air       #####.....   1%          5    ####...
j - Poisonous Cloud       Conj/Pois/Air  #####.....   13%         6    #####..


Dungeon Overview and Level Annotations

Branches:
Dungeon (13/15)            Temple (1/1) D:6            Lair (6/8) D:9
  Swamp (0/4) Lair:5        Snake (0/4) Lair:4          Orc (2/2) D:12
    Elf (1/3) Orc:2
  Slime: Lair:6-8    Vaults: D:13-14

Altars:
Ashenzari
Cheibriados
Dithmenos
Elyvilon
Fedhas
Gozag
Kikubaaqudgha
Makhleb
Nemelex Xobeh
Pakellas
Qazlal
Ru
Sif Muna
Trog
Vehumet
Xom
Yredelemnul
Zin
The Shining One
Beogh

Shops:
D:10 (   D:12 ([!   Orc:2 ?}:(

Annotations:
D:6 Duvessa, Grinder
D:7 Joseph


Innate Abilities, Weirdness & Mutations

You can breathe bolts of dispelling energy.
Your rich purple scales are hard (AC +8).
Your body does not fit into most forms of armour.
You are cold-blooded and may be slowed by cold attacks.


Message History

The orc goes into a battle-frenzy!
An orc warrior comes into view. It is wielding a short sword.
The orc warrior shouts!
The orc warrior closely misses you.
The orc knight roars a battlecry!
The orc warrior goes into a battle-frenzy!
There is a stone staircase leading up here.
The orc warrior hits you with a short sword!
* * * LOW HITPOINT WARNING * * *
The orc wizard hits you but does no damage.
You climb upwards.
There is a stone staircase leading down here.
Unknown command.
The orc warrior hits you with a short sword!
* * * LOW HITPOINT WARNING * * *
Drink which item? (? for menu, Esc to quit)
You feel better. The orc wizard hits you with a dagger.
* * * LOW HITPOINT WARNING * * *
The orc warrior hits you with a short sword!!
You die...

#........#..##
#...[........# ##
##.##........# ##.#### ###
##.####§.§≈.## #...#.##
##.####[.## #.§§§##
#.....####...##..[.####≈≈≈#
#.#.#.##.#.........# #≈#≈#
##................## #####
# #..........o@......#
#####..........o......##
..##..................#
...##................##
#..#........>........##
...................[..#
#..#........#....[...##
###..........#.......#
##..............#.###


You could see an orc warrior and an orc wizard (invisible).

Vanquished Creatures
  2 orc warlords (Orc:2)
  3 hydras
  A centaur warrior (D:13)
  An ogre mage (Orc:2)
  2 dancing weapons
  A death knight (D:11)
  Nergalle (Orc:2)
  An unseen horror (D:12)
  4 skeletal warriors (D:12)
  2 hill giants
  A deep elf mage (D:13)
  3 orc knights
  2 ugly things
  11 orc sorcerers (Orc:2)
  An elephant (D:9)
  A manticore (D:12)
  4 black mambas
  An ice statue (D:11)
  A gargoyle (D:11)
  3 spiny frogs
  A rime drake (Lair:2)
  2 kobold demonologists (D:12)
  6 komodo dragons
  5 trolls
  A harpy skeleton (D:11)
  2 two-headed ogres
  9 slime creatures
  7 blink frogs
  Prince Ribbit (D:6)
  30 yaks
  Sigmund (D:3)
  A wraith (D:11)
  A wyvern (Lair:5)
  4 basilisks
  6 hippogriffs
  6 hungry ghosts
  Menkaure (D:6)
  5 wargs
  8 water moccasins
  Edmund (D:5)
  A soldier ant (D:12)
  11 porcupines
  3 black bears
  2 sky beasts
  An ice beast (D:11)
  24 orc warriors
  A wasp (D:9)
  4 wolves
  10 ogres
  14 centaurs
  5 big kobolds
  12 crocodiles
  21 giant frogs
  A gnoll sergeant (D:8)
  A wyvern skeleton (D:12)
  2 scorpions
  Dowan (D:6)
  18 killer bees
  7 wights
  2 electric eels (Lair:4)
  A vampire bat (D:12)
  6 crimson imps
  3 centaur zombies
  A quasit (D:6)
  2 jellies
  6 giant frog skeletons
  21 orc priests
  2 centaur skeletons
  3 gnoll shamans (D:4)
  4 hounds
  51 orc wizards
  9 iguanas
  Natasha (thrice) (D:2)
  11 worker ants
  Terence (D:2)
  8 sheep (Lair:3)
  2 hound zombies
  2 hound skeletons
  Robin (D:2)
  17 adders
  50 gnolls
  2 howler monkey skeletons
  39 river rats
  3 shadow imps
  3 oozes
  An adder zombie (D:5)
  2 adder skeletons
  3 worms
  5 giant geckos
  91 orcs
  A ball python (D:1)
  11 bats
  8 giant cockroaches
  19 goblins
  9 hobgoblins
  24 jackals
  5 quokkas
  4 giant newts
  2 goblin skeletons (D:6)
  A goblin zombie (D:6)
  A hobgoblin zombie (D:6)
  18 kobolds
  2 kobold zombies (D:6)
  2 orc skeletons (D:6)
  An orc zombie (D:6)
  7 rats
  3 fungi
756 creatures vanquished.

Vanquished Creatures (others)
  A crimson imp (D:13)
  6 bushes (D:12)
  8 fungi
  3 plants
18 creatures vanquished.

Grand Total: 774 creatures vanquished

Notes
Turn   | Place    | Note
--------------------------------------------------------------
     0 | D:1      | vonhedlund the Draconian Conjurer began the quest for the Orb.
     0 | D:1      | Reached XP level 1. HP: 14/14 MP: 3/3
   199 | D:1      | Reached XP level 2. HP: 20/20 MP: 1/5
   274 | D:1      | Reached skill level 3 in Spellcasting
   401 | D:1      | Reached XP level 3. HP: 20/26 MP: 7/7
   890 | D:2      | Reached skill level 4 in Spellcasting
   955 | D:2      | Reached XP level 4. HP: 28/33 MP: 6/10
   969 | D:2      | Noticed Natasha
  1177 | D:2      | Noticed Terence
  1327 | D:2      | Found a faded altar to an unknown god.
  1361 | D:2      | Killed Terence
  1722 | D:2      | Found a glowing silver altar of Zin.
  1777 | D:2      | Noticed Robin
  1802 | D:2      | Reached XP level 5. HP: 23/38 MP: 11/11
  2020 | D:2      | Killed Robin
  2020 | D:2      | Reached skill level 5 in Conjurations
  2073 | D:1      | Learned a level 2 spell: Searing Ray
  2101 | D:3      | Noticed Sigmund
  2205 | D:3      | Found a sacrificial altar of Ru.
  2464 | D:4      | Noticed an ogre
  2475 | D:4      | Killed an ogre
  2475 | D:4      | Reached XP level 6. HP: 45/45 MP: 6/12
  3134 | D:4      | Reached skill level 5 in Spellcasting
  3143 | D:4      | HP: 2/45 [orc priest/divine providence (13)]
  3598 | D:3      | Found a bloodstained altar of Trog.
  3610 | D:3      | Found a glowing golden altar of the Shining One.
  3724 | D:4      | Your scales start taking on a rich purple colour.
  3724 | D:4      | Reached skill level 6 in Spellcasting
  3724 | D:4      | Reached XP level 7. HP: 50/50 MP: 16/16
  4097 | D:4      | Reached skill level 7 in Spellcasting
  4339 | D:5      | Entered Level 5 of the Dungeon
  4401 | D:5      | Found a shimmering altar of Xom.
  4701 | D:5      | Found a glowing silver altar of Zin.
  4737 | D:5      | Noticed Edmund
  4768 | D:5      | Found a shadowy altar of Dithmenos.
  5156 | D:4      | Upgraded the game from 0.18-a0-1784-ga939a68 to 0.18-a0-1788-g92de1ac
  5206 | D:4      | Reached XP level 8. HP: 57/57 MP: 12/18
  5750 | D:5      | Found a shattered altar of Ashenzari.
  5856 | D:5      | Killed Edmund
  5932 | D:6      | Noticed Prince Ribbit
  6174 | D:6      | Noticed Duvessa
  6176 | D:6      | Noticed Dowan
  6339 | D:6      | Found a glowing golden altar of the Shining One.
  6465 | D:6      | Killed Prince Ribbit
  6800 | D:6      | Noticed Grinder
  6887 | D:7      | Reached skill level 5 in Stealth
  7047 | D:7      | Reached XP level 9. HP: 62/62 MP: 14/19
  7342 | D:6      | Found a staircase to the Ecumenical Temple.
  7368 | D:7      | Noticed Joseph
  7682 | D:7      | Reached skill level 5 in Dodging
  8301 | D:6      | Noticed Menkaure
  8305 | D:6      | Killed Menkaure
  8419 | Temple   | Entered the Ecumenical Temple
  8427 | Temple   | Became a worshipper of Vehumet
  9184 | D:8      | Noticed a centaur warrior
  9367 | D:6      | Killed Dowan
  9568 | D:3      | Killed Sigmund
  9568 | D:3      | Reached XP level 10. HP: 61/69 MP: 9/20
  9791 | D:2      | Killed Natasha
  9828 | D:2      | Noticed Natasha
  9834 | D:2      | Killed Natasha
  9862 | D:2      | Found a deep blue altar of Sif Muna.
  9939 | D:2      | Noticed Natasha
  9945 | D:2      | Killed Natasha
  9945 | D:2      | Reached * piety under Vehumet
  9945 | D:2      | Offered knowledge of Flame Tongue by Vehumet.
  9974 | D:3      | Learned a level 2 spell: Repel Missiles
 10296 | D:8      | Reached skill level 1 in Charms
 11521 | D:9      | Upgraded the game from 0.18-a0-1788-g92de1ac to 0.18-a0-1789-gbeff17f
 11590 | D:9      | Found an ancient bone altar of Kikubaaqudgha.
 11596 | D:9      | Reached skill level 5 in Charms
 11629 | D:9      | Found a staircase to the Lair.
 11717 | D:9      | Reached ** piety under Vehumet
 11717 | D:9      | Offered knowledge of Sting by Vehumet.
 11727 | D:9      | Reached skill level 8 in Spellcasting
 11848 | D:9      | Learned a level 1 spell: Sting
 11868 | D:9      | Noticed an elephant
 11961 | D:9      | You fall through a shaft for 3 floors!
 12010 | D:12     | Reached skill level 9 in Spellcasting
 12281 | D:12     | Offered knowledge of Throw Frost by Vehumet.
 12445 | D:11     | Noticed a gargoyle
 12681 | D:11     | Noticed a death knight
 12700 | D:12     | Reached skill level 10 in Spellcasting
 12751 | D:12     | Noticed a skeletal warrior
 12752 | D:12     | Noticed a skeletal warrior
 12768 | D:12     | Reached *** piety under Vehumet
 12773 | D:12     | Noticed a green ugly thing
 12795 | D:12     | Killed a green ugly thing
 13047 | D:12     | Reached XP level 11. HP: 55/74 MP: 15/25
 13056 | D:12     | Reached skill level 11 in Spellcasting
 13137 | D:12     | Upgraded the game from 0.18-a0-1789-gbeff17f to 0.18-a0-1797-gc18daef
 13272 | D:12     | Found Luvinomn's Distillery.
 13418 | D:12     | Noticed an unseen horror
 13539 | D:10     | Entered Level 10 of the Dungeon
 13719 | D:9      | Learned a level 5 spell: Iskenderun's Battlesphere
 13815 | D:9      | Found a white marble altar of Elyvilon.
 13837 | D:9      | Identified the Papyrus of the Rocks and Good Luck (You found it on level 9 of the Dungeon)
 13912 | Lair:1   | Entered Level 1 of the Lair of Beasts
 13979 | Lair:1   | Offered knowledge of Sticky Flame by Vehumet.
 14182 | Lair:1   | Noticed a seven-headed hydra
 14277 | Lair:1   | Reached skill level 12 in Spellcasting
 14317 | Lair:1   | Identified a +5 rod of inaccuracy (9/9) (You found it on level 1 of the Lair of Beasts)
 14717 | Lair:1   | Learned a level 4 spell: Sticky Flame
 14734 | Lair:1   | Upgraded the game from 0.18-a0-1797-gc18daef to 0.18-a0-1800-gdc7a371
 14805 | Lair:1   | Reached skill level 10 in Conjurations
 15748 | Lair:2   | Reached **** piety under Vehumet
 15839 | Lair:2   | Offered knowledge of Fireball by Vehumet.
 16193 | Lair:2   | Learned a level 5 spell: Fireball
 16197 | Lair:3   | Noticed a five-headed hydra
 16203 | Lair:3   | Noticed an eight-headed hydra
 16397 | Lair:3   | Reached skill level 1 in Fire Magic
 16793 | Lair:3   | Upgraded the game from 0.18-a0-1800-gdc7a371 to 0.18-a0-1805-g8ab820f
 16945 | Lair:3   | Noticed a seven-headed hydra
 17028 | Lair:3   | Killed a five-headed hydra
 17450 | D:10     | Noticed a hill giant
 17473 | D:10     | Found Lurett's Antique Weapon Shoppe.
 17731 | D:10     | Killed a hill giant
 17731 | D:10     | Reached skill level 5 in Fire Magic
 17731 | D:10     | Reached XP level 12. HP: 81/81 MP: 12/28
 18230 | D:12     | Reached ***** piety under Vehumet
 18337 | D:12     | Found Riymauw's Armour Shoppe.
 18337 | D:12     | Found a staircase to the Orcish Mines.
 18339 | D:12     | Found Cioruyqa's Weapon Shoppe.
 18352 | D:12     | Offered knowledge of Olgreb's Toxic Radiance by Vehumet.
 18611 | Orc:1    | Entered Level 1 of the Orcish Mines
 18748 | Orc:2    | Entered Level 2 of the Orcish Mines
 18886 | Orc:2    | Noticed an orc warlord
 19273 | D:13     | Noticed a centaur warrior
 19275 | D:13     | Killed a centaur warrior
 19759 | D:12     | Noticed a death knight
 19924 | D:12     | Noticed a seven-headed hydra
 19925 | D:12     | Noticed a centaur warrior
 20721 | Lair:3   | Killed an eight-headed hydra
 21000 | Lair:4   | Found a staircase to the Snake Pit.
 21285 | Lair:4   | Reached XP level 13. HP: 86/86 MP: 16/29
 21385 | Lair:4   | Reached skill level 13 in Spellcasting
 21666 | Lair:4   | Learned a level 3 spell: Stone Arrow
 21760 | Lair:4   | Reached skill level 1 in Earth Magic
 22063 | Lair:4   | Offered knowledge of Spellforged Servitor by Vehumet.
 22253 | Lair:5   | Found a staircase to the Swamp.
 22667 | Lair:5   | Reached skill level 14 in Spellcasting
 22696 | Lair:5   | Reached skill level 1 in Fighting
 23416 | Lair:1   | Reached skill level 5 in Fighting
 23759 | D:11     | Reached skill level 1 in Air Magic
 24197 | D:12     | Upgraded the game from 0.18-a0-1805-g8ab820f to 0.19-a0
 25112 | Orc:2    | Killed an orc warlord
 25174 | Orc:2    | Noticed an orc warlord
 25412 | Orc:2    | Offered knowledge of Conjure Ball Lightning by Vehumet.
 25416 | Orc:2    | Killed an orc warlord
 25469 | Orc:2    | Found a staircase to the Elven Halls.
 25614 | Orc:2    | Reached skill level 15 in Spellcasting
 25622 | Orc:2    | Reached XP level 14. HP: 110/110 MP: 14/33
 25715 | Orc:2    | Learned a level 5 spell: Lightning Bolt
 25720 | Orc:2    | Paralysed by an orc sorcerer for 2 turns
 25745 | Orc:2    | Paralysed by an orc sorcerer for 5 turns
 25766 | Orc:2    | Found Hoipsuju's Magic Scroll Emporium.
 25792 | Orc:2    | Found Satsap's Antique Weapon Shoppe.
 26016 | Orc:2    | Found a roughly hewn altar of Beogh.
 26112 | Orc:2    | Upgraded the game from 0.19-a0 to 0.19-a0-4-ga5c5ac4
 26129 | Orc:2    | Noticed Nergalle
 26137 | Orc:2    | Reached skill level 5 in Air Magic
 26146 | Orc:2    | Killed Nergalle
 26230 | Orc:2    | Found an ancient bone altar of Kikubaaqudgha.
 26238 | Orc:2    | Found Rutodim's Gadget Shoppe.
 26358 | Orc:2    | Found a radiant altar of Vehumet.
 26392 | Orc:2    | Found a roughly hewn altar of Beogh.
 26395 | Orc:2    | Offered knowledge of Poisonous Cloud by Vehumet.
 26410 | Orc:2    | Found Nevoetir's Book Emporium.
 26514 | Orc:2    | Learned a level 6 spell: Poisonous Cloud
 26522 | Elf:1    | Entered Level 1 of the Elven Halls
 26556 | Elf:1    | Reached skill level 1 in Poison Magic
 26720 | Orc:1    | Demolished by an orc warrior

Vault maps used:
D:1:      minmay_arrival_four_houses, minmay_misc_feat_four_crosses
D:2:      zin_academy, lemuel_blue_sif_altar, ecumenical_altar_2, minivault_5,
          minmay_misc_feat_iff, uniq_terence, uniq_robin, uniq_natasha
D:3:      grunt_temple_overflow_open, lemuel_crystal_altar, uniq_sigmund
D:4:      lemuel_castle_with_subvaults
D:5:      grunt_dithmenos_smoke_and_mirrors, lemuel_round_altar,
          xom_butterflies, basic_altar, first_bread, serial_park_tiny_1,
          uniq_edmund
D:6:      minmay_temple_entry_purple_smoke, nicolae_tso_besieged_by_evil,
          uniq_menkaure, uniq_prince_ribbit1, uniq_grinder, uniq_duvessa
D:7:      minmay_flawed_box, uniq_joseph
D:8:      kennysheep_little_box
D:9:      lemuel_crystal_altar, nicolae_overflow_hidden_temple,
          david_lair_generic, hangedman_fish_farm
D:10:     serial_shops, shop, minmay_misc_feat_square
D:11:     portal_ice_cave_entry_ice_statue_01, minmay_curled_crystal
D:12:     minmay_klotski, orc_david_3, serial_shops, shop, serial_park_tiny_2,
          roderic_batcave
Temple:   nicolae_temple_no_exploring_needed
Lair:2:   grunt_megastairs_2
Lair:3:   serial_bayou_pond_e, lemuel_fruit_tree
Lair:4:   dummy_snake_entry, minivault_27, grunt_megastairs_1
Lair:5:   swamp_mist, minmay_holes, grunt_megastairs_5, lemuel_fruit_fields
Lair:6:   uniq_josephine
Orc:1:    nicolae_orc_lava_tube
Orc:2:    kennysheep_orc_mage_school, david_defended_altar_orc
Elf:1:    kennysheep_underground_church

Skill      XL: |  1  2  3  4  5  6  7  8  9 10 11 12 13 14 |
---------------+-------------------------------------------+-----
Spellcasting   | 3 4 6 7 10 12 15 | 15.3
Conjurations   | 6 7 9 10 13 | 13.4
Stealth        | 5 8 |  8.0
Dodging        | 8 |  8.1
Charms         | 5 |  5.2
Fire Magic     | 5 6 |  6.0
Earth Magic    | 2 |  2.1
Fighting       | 6 |  6.0
Air Magic      | 4 5 |  5.4
Poison Magic   | 2 |  2.4

Action                   |  1- 3 |  4- 6 |  7- 9 | 10-12 | 13-15 || total
-------------------------+-------+-------+-------+-------+-------++-------
Melee: Club              |     1 |       |       |       |       ||     1
       Short sword       |    42 |    30 |   110 |       |       ||   182
       Tailslap          |     5 |     5 |    24 |    59 |    19 ||   112
       Hand axe          |       |    72 |    93 |   409 |   139 ||   713
       Dagger            |       |       |    29 |       |       ||    29
       Staff             |       |       |       |    36 |     8 ||    44
       Long sword        |       |       |       |       |     4 ||     4
 Fire: Greatsling        |       |    47 |    49 |       |       ||    96
Throw: Throwing net      |       |       |       |     2 |       ||     2
 Cast: Magic Dart        |    49 |    74 |    87 |   175 |    47 ||   432
       Searing Ray       |       |    13 |    82 |   108 |     1 ||   204
       Sting             |       |       |       |    75 |    21 ||    96
       Repel Missiles    |       |       |       |     1 |       ||     1
       Sticky Flame      |       |       |       |    53 |    39 ||    92
       Fireball          |       |       |       |    69 |    86 ||   155
       Iskenderun's Batt |       |       |       |     4 |     6 ||    10
       Stone Arrow       |       |       |       |       |   170 ||   170
       Lightning Bolt    |       |       |       |       |     6 ||     6
 Abil: Stop Flying       |       |       |       |     1 |       ||     1
Evoke: Wand              |       |       |       |     1 |       ||     1
  Use: Scroll            |       |     1 |     5 |    20 |     2 ||    28
       Potion            |       |     1 |       |     2 |     3 ||     6
 Stab: Sleeping          |     2 |     3 |     2 |     6 |     2 ||    15
       Distracted        |       |       |     2 |       |       ||     2
  Eat: Chunk             |       |     8 |    15 |    42 |    27 ||    92
       Pizza             |       |     1 |     2 |     2 |       ||     5
       Beef jerky        |       |       |     1 |       |       ||     1
       Fruit             |       |       |       |    11 |     4 ||    15
Armor: Skin              |    20 |    74 |   146 |   298 |    80 ||   618
Dodge: Dodged            |    36 |    87 |   243 |   746 |   198 ||  1310
       Deflected         |       |       |       |     1 |       ||     1
